 Dungeon Crawl Stone Soup version 0.21.1-1-g345015fe64 (webtiles) character file.

63 Htamos the Poker (level 4, -3/33 HPs)
             Began as a Merfolk Gladiator on July 14, 2018.
             Killed from afar by a hobgoblin (11 damage)
             ... with a wand of flame (14)
             ... on level 2 of the Dungeon.
             The game lasted 00:02:13 (1242 turns).

Htamos the Poker (Merfolk Gladiator)                Turns: 1242, Time: 00:02:14

Health: -3/33      AC:  7    Str: 15    XL:     4   Next: 9%
Magic:  4/4        EV: 11    Int:  7    God:
Gold:   54         SH:  0    Dex: 15    Spells: 3/3 levels left

rFire    . . .     SeeInvis .   a - +0 trident
rCold    . . .     Gourm    .   (no shield)
rNeg     . . .     Faith    .   i - +0 scale mail
rPois    .         Spirit   .   c - +0 helmet
rElec    .         Reflect  .   (no cloak)
rCorr    .         Harm     .   (no gloves)
MR       .....                  (no boots)
Stlth    ..........             (no amulet)
HPRegen  0.11/turn              (no ring)
MPRegen  0.09/turn              (no ring)

@: no status effects
A: change form in water, swift swim, stealthy swim
a: no special abilities


You were on level 2 of the Dungeon.
You were not hungry.

You visited 1 branch of the dungeon, and saw 2 of its levels.

You collected 54 gold pieces.

Inventory:

Hand Weapons
 a - a +0 trident (weapon)
Missiles
 d - 3 throwing nets (quivered)
Armour
 b - a +0 leather armour
 c - a +0 helmet (worn)
 i - a +0 scale mail (worn)
Jewellery
 j - a cursed ring of teleportation {unknown}
 o - an uncursed amulet of regeneration {unknown}
Scrolls
 h - a scroll of blinking {unknown}
 m - a scroll of identify {unknown}
 n - 2 scrolls of remove curse {unknown}
 p - a scroll of amnesia {unknown}
 q - a scroll of random uselessness {unknown}
Potions
 e - 4 potions of agility {unknown}
 k - a potion of berserk rage {unknown}
 l - 2 potions of flight {unknown}
Comestibles
 f - 3 rations
 g - 3 chunks of flesh


   Skills:
 - Level 2.1 Fighting
 + Level 7.1 Polearms
 - Level 2.0 Throwing
 - Level 4.0 Dodging


You had 3 spell levels left.
You didn't know any spells.

Dungeon Overview and Level Annotations

Branches:
Dungeon (2/15)

Altars:
Vehumet


Message History

The hobgoblin closely misses you.
You hit the hobgoblin but do no damage.
The hobgoblin is heavily wounded.
The hobgoblin zaps a wand.
The puff of flame misses you.
You barely miss the hobgoblin.
The hobgoblin is heavily wounded.
The hobgoblin hits you with a mace.
* * * LOW HITPOINT WARNING * * *
You closely miss the hobgoblin.
The hobgoblin is heavily wounded.
The hobgoblin hits you but does no damage.
You hit the hobgoblin but do no damage.
The hobgoblin is heavily wounded.
You closely miss the hobgoblin.
The hobgoblin is heavily wounded.
The hobgoblin misses you.
You hit the hobgoblin but do no damage.
The hobgoblin is moderately wounded.
The hobgoblin zaps a wand.
The puff of flame hits you!
You die...

#.#....)# ##.###.#.###
#.......# #. #.#
#.#.....# .. ...
#.##...## # ###
#.###.######## ##
#............. ..
#.###.#######.##. #
#.######.....
#.rJg@....#
#.w######.#
#######.### ##### .
##...###Jr.###...## ..
##.....##...##.....##
.#
#.......#...#.......#
#
#.......'w..'รท...)).#
#.......#...#.......#
##.....##...##.....##


You could see an ooze, a dart slug, a quokka and a hobgoblin.

Vanquished Creatures
  2 adders (D:2)
  2 dart slugs
  3 leopard geckos
  7 bats
  A giant cockroach (D:2)
  4 goblins
  3 hobgoblins (D:1)
  4 jackals (D:2)
  2 frilled lizards (D:1)
  3 kobolds (D:1)
  6 rats
37 creatures vanquished.

Notes
Turn   | Place    | Note
-------+----------+-------------------------------------------
     0 | D:1      | Htamos the Merfolk Gladiator began the quest for the Orb.
     0 | D:1      | Reached XP level 1. HP: 16/16 MP: 1/1
   164 | D:1      | Reached skill level 5 in Polearms
   188 | D:1      | Reached XP level 2. HP: 22/22 MP: 2/2
   593 | D:2      | Reached skill level 6 in Polearms
   593 | D:2      | Reached XP level 3. HP: 27/27 MP: 3/3
   707 | D:2      | Found a radiant altar of Vehumet.
  1047 | D:2      | Reached XP level 4. HP: 20/33 MP: 4/4
  1049 | D:2      | Reached skill level 7 in Polearms
  1242 | D:2      | Killed from afar by a hobgoblin

Skill      XL: |  1  2  3  4 |
---------------+-------------+-----
Polearms       | 5 6 7 |  7.1
Fighting       | |  2.1
Throwing       | |  2.0
Dodging        | |  4.0

Action                   |  1- 3 |  4- 6 || total
-------------------------+-------+-------++-------
Melee: Trident           |   111 |    25 ||   136
  Eat: Chunk             |     1 |       ||     1
Armor: Scale mail        |    41 |     3 ||    44
       Leather armour    |     2 |       ||     2
Dodge: Dodged            |    45 |    10 ||    55
